Map: Blueshift LE

Players

Lambo - Winner!

  • Race: Zerg Zerg
  • League: Grandmaster
  • Spawn Location: 7:00

llllllllllll

  • Race: Zerg Zerg
  • League: Grandmaster
  • Spawn Location: 1:00

VOD

Have the link to the VOD?

Description

Time

  • Played on: Dec. 16, 2018, 10:08 a.m.
  • Length: 8:25
Show
View Real Time Build Order
Export as new Build Order

Lambo Zerg - Winner!

Build Orders: Hatch First 

Get SALT Encoding   

  12  0:00  Drone  
  13  0:12  Overlord  
  13  0:16  Drone  
  14  0:30  Drone x2  
  16  0:47  Hatchery  
  15  0:50  Drone  
  15  0:54  Drone  
  17  0:57  Drone  
  18  1:09  Extractor  
  17  1:12  Spawning Pool  
  17  1:15  Drone  
  17  1:19  Drone  
  18  1:27  Drone  
  19  1:38  Drone  
  20  1:59  Queen, Zergling x4  
  20  2:00  Queen  
  26  2:01  Zergling x2  
  26  2:14  Drone x2  
  23  2:25  Drone x2  
  25  2:33  Drone x2  
  26  2:43  Overlord  
  26  2:48  Drone  
  27  2:54  Metabolic Boost  
  27  2:58  Drone  
  27  3:05  Drone x2  
  30  3:06  Drone  
  30  3:10  Drone  
  32  3:15  Overlord  
  32  3:18  Drone  
  33  3:20  Drone  
  33  3:22  Drone  
  33  3:26  Drone  
  36  3:33  Drone x2  
  38  3:35  Drone  
  38  3:39  Drone  
  40  3:43  Overlord  
  40  3:48  Drone x4  
  43  3:55  Evolution Chamber  
  43  3:57  Overlord  
  43  4:04  Hatchery  
  43  4:10  Drone x3  
  43  4:12  Extractor  
  43  4:15  Extractor  
  43  4:16  Drone x3  
  46  4:20  Drone x3  
  49  4:25  Overlord  
  49  4:26  Drone  
  49  4:27  Drone  
  49  4:31  Zerg Missile Weapons Level 1  
  51  4:38  Overlord, Roach Warren  
  51  4:42  Drone  
  51  4:43  Drone  
  52  4:48  Lair  
  52  4:52  Queen  
  54  4:53  Drone  
  54  4:55  Drone  
  54  4:57  Drone  
  54  4:59  Drone  
  58  5:03  Drone x2  
  58  5:06  Drone x2  
  62  5:13  Overlord  
  62  5:19  Drone  
  62  5:20  Extractor  
  62  5:22  Roach x4  
  62  5:24  Overlord  
  62  5:26  Overlord  
  70  5:29  Roach  
  71  5:37  Roach x3  
  77  5:44  Roach x2, Glial Reconstitution  
  77  5:47  Roach  
  77  5:48  Roach x3  
  89  5:52  Overlord  
  89  5:54  Roach  
  90  5:59  Roach  
  90  6:03  Roach x2  
  90  6:04  Roach x2  
  100  6:07  Roach x2  
  104  6:12  Roach x3  
  104  6:14  Overlord  
  110  6:18  Overlord  
  110  6:20  Overlord  
  109  6:29  Overlord  
  109  6:33  Roach x2  
  109  6:38  Roach x6  
  125  6:40  Ravager x2  
  125  6:43  Roach  
  125  6:44  Overlord  
  129  6:47  Overlord  
  129  6:49  Roach  
  129  6:51  Roach  
  129  6:53  Roach  
  135  6:55  Roach  
  135  6:57  Overlord  
  135  6:59  Overlord  
  138  7:01  Ravager  
  138  7:08  Roach x4  
  146  7:11  Overlord  
  146  7:13  Roach  
  148  7:17  Roach x2  
  148  7:20  Roach x2  
  156  7:25  Roach x2  
  156  7:34  Roach x4  
  145  7:37  Roach  
  145  7:41  Roach x2  
  135  7:45  Roach  
  135  7:48  Roach x2  
  131  7:55  Roach x3  
  133  8:00  Roach x2  
  133  8:02  Overlord  
Show
View Real Time Build Order
Export as new Build Order

llllllllllll Zerg 

Build Orders: Pool First 

Get SALT Encoding   

  12  0:17  Spawning Pool  
  11  0:22  Drone  
  11  0:26  Drone  
  13  0:30  Drone  
  14  0:40  Overlord  
  14  1:04  Zergling x4  
  14  1:05  Zergling x2  
  17  1:15  Zergling x2  
  18  1:19  Hatchery  
  17  1:27  Zergling x2  
  18  1:34  Queen  
  18  1:38  Zergling x2  
  21  1:47  Overlord  
  21  1:59  Drone  
  21  2:09  Drone  
  21  2:14  Queen  
  21  2:20  Drone  
  21  2:33  Queen, Drone x2  
  25  2:42  Drone x2  
  26  2:46  Overlord, Drone  
  26  2:50  Drone  
  28  2:53  Zergling x2  
  28  2:55  Zergling x2  
  30  3:04  Drone  
  31  3:06  Drone  
  31  3:09  Extractor  
  31  3:14  Drone  
  31  3:18  Drone  
  33  3:23  Drone x2  
  33  3:24  Drone  
  36  3:31  Overlord  
  36  3:32  Drone  
  37  3:36  Queen, Drone  
  37  3:41  Drone x3  
  43  3:47  Evolution Chamber  
  42  3:50  Roach Warren  
  41  3:56  Evolution Chamber, Drone  
  41  3:57  Drone  
  41  4:00  Drone  
  43  4:04  Drone x2  
  43  4:05  Drone  
  43  4:07  Drone  
  47  4:16  Zerg Missile Weapons Level 1  
  47  4:17  Overlord  
  47  4:19  Drone x2  
  49  4:26  Drone x2  
  49  4:30  Drone  
  50  4:32  Extractor  
  50  4:34  Extractor  
  50  4:36  Overlord  
  48  4:43  Overlord  
  48  4:44  Drone x2  
  50  4:53  Lair  
  50  4:58  Drone  
  51  5:01  Roach  
  51  5:02  Drone x3  
  51  5:04  Extractor  
  55  5:07  Roach  
  55  5:08  Roach  
  59  5:16  Roach x3  
  65  5:22  Hatchery  
  65  5:24  Overlord x2  
  65  5:25  Roach x2  
  68  5:37  Hatchery  
  68  5:41  Zerg Ground Armor Level 1  
  68  5:42  Roach x2  
  72  5:52  Glial Reconstitution  
  72  5:55  Roach  
  74  5:58  Drone x7  
  81  6:07  Roach x4  
  89  6:15  Drone  
  89  6:17  Overlord  
  90  6:26  Roach  
  90  6:29  Overlord  
  90  6:30  Extractor  
  91  6:34  Overlord  
  91  6:37  Roach x3  
  91  6:38  Roach  
  91  6:39  Overseer  
  99  6:47  Roach x3  
  110  6:54  Roach x2  
  110  6:57  Roach  
  110  7:00  Roach x3  
  118  7:08  Overlord  
  118  7:09  Roach x2  
  118  7:11  Overlord  
  122  7:15  Overlord  
  118  7:34  Roach x5  
  118  7:35  Roach x5  
  116  7:39  Roach x3  
  107  7:44  Roach x2  
  107  7:50  Roach x2  
  93  7:57  Roach x3  
  85  7:59  Ravager x2  
  85  8:02  Roach  
Tags
 
Add a new tag
Caveats
  • Supply blocks, unpowered buildings, or Contaminate may cause inaccurate times.
  • Supply counts are checked every 10 seconds.